 Dungeon Crawl Stone Soup version 0.26-a0-597-gb535b09 (webtiles) character file.

Game seed: 8402797981592282982

52 Hazorath the Skirmisher (level 3, -2/34 HPs)
             Began as a Naga Fighter on Aug 26, 2020.
             Slain by a worker ant (5 damage)
             ... on level 4 of the Dungeon.
             The game lasted 00:02:03 (434 turns).

Hazorath the Skirmisher (Naga Fighter)               Turns: 434, Time: 00:02:03

Health: -2/34      AC:  5    Str: 19    XL:     3   Next: 85%
Magic:  3/3        EV:  7    Int:  8    God:
Gold:   25         SH:  0    Dex: 10    Spells: 2/2 levels left

rFire    . . .     SeeInvis +   a - +0 war axe
rCold    . . .     Faith    .   (no shield)
rNeg     . . .     Spirit   .   b - +0 scale mail
rPois    +         Reflect  .   (no helmet)
rElec    .         Harm     .   (no cloak)
rCorr    .                      h - +0 pair of gloves
MR       .....                  (no barding)
Stlth    ..........             (no amulet)
HPRegen  0.11/turn              (no ring)
MPRegen  0.08/turn              (no ring)

@: mighty, lethally poisoned (-2 -> -4), very slow
A: large, see invisible, deformed body, poison resistance, slowness 2, spit
poison 1, AC +1
a: Spit Poison


You were on level 4 of the Dungeon.
You visited 1 branch of the dungeon, and saw 4 of its levels.

You collected 25 gold pieces.

Inventory:

Hand Weapons
 a - a +0 war axe (weapon)
Armour
 b - a +0 scale mail (worn)
 c - a +0 kite shield
 h - a +0 pair of gloves (worn)
Scrolls
 g - 2 scrolls of remove curse {unknown}
Potions
 e - a potion of heal wounds {unknown}
 f - a potion of magic {unknown}


   Skills:
 + Level 3.6 Fighting
 * Level 3.5 Axes
 - Level 2.4 Armour
 - Level 2.4 Shields


You had 2 spell levels left.
You didn't know any spells.
Your spell library was empty.

Dungeon Overview and Level Annotations

Branches:
Dungeon (4/15)
 Temple: D:4-7

Altars:


Innate Abilities, Weirdness & Mutations

You cannot wear boots.
Your serpentine skin is tough. (AC +1)
You have supernaturally acute eyesight. (SInv)
Armour fits poorly on your strangely shaped body.
Your system is resistant to poisons. (rPois)
You cover ground very slowly.
You can spit poison.


Message History

You feel sick. The worker ant closely misses you.
The worker ant bites you but does no damage.
You barely miss the worker ant.
The worker ant is heavily wounded.
You feel sick. The worker ant barely misses you.
The worker ant bites you but does no damage.
You hit the worker ant.
The worker ant is severely wounded.
The worker ant bites you.
You barely miss the worker ant.
The worker ant is severely wounded.
The worker ant bites you. x2
* * * LOW HITPOINT WARNING * * *
You closely miss the worker ant.
The worker ant is severely wounded.
You feel sick. The worker ant bites you.
* * * LOW HITPOINT WARNING * * *
You feel very mighty all of a sudden. The worker ant bites you.
You die...

#..# #..#
#..# #..# ##
#..# .. #..#
.# ##..# .#
#...##.#####.
#...@al)...<(
#.#<##.######
#.#.# .#
#.#.# .#
#.#.# .#
....# .#
..### .# ##
.#


You could see a worker ant and a frilled lizard.

Vanquished Creatures
  4 adders
  A worm (D:3)
  4 orcs
  A giant cockroach (D:1)
  2 bats
  A rat (D:3)
13 creatures vanquished.

Notes
Turn   | Place    | Note
-------+----------+-------------------------------------------
     0 | D:1      | Hazorath the Naga Fighter began the quest for the Orb.
     0 | D:1      | Reached XP level 1. HP: 21/21 MP: 1/1
   123 | D:3      | Reached XP level 2. HP: 22/28 MP: 2/2
   237 | D:3      | Reached XP level 3. HP: 34/34 MP: 3/3
   434 | D:4      | Slain by a worker ant

Illustrated notes

Levels and vault maps discovered:
D:1:      wheals_arrival_linesprint, layout_loops_corners
D:2:      minmay_evil_eye, layout_rooms, minmay_worlds_worst_comb
D:3:      layout_loops_ring, lemuel_zombie_altar_yredelemnul,
          overflow_temple_1_default, fiery_altar_vehumet, bloody_makhleb,
          grunt_decor_mini_mirrors
D:4:      layout_loops_ring, minitemple, ashenzari_conservatory_becter,
          uniq_eustachio, uniq_blork_the_orc, uniq_grinder

Skill      XL: |  1  2 |
---------------+-------+-----
Axes           | 3 |  3.5
Fighting       | |  3.6
Armour         | |  2.4
Shields        | |  2.4

Action                   || total
-------------------------++-------
Melee: War axe           ||    47
 Abil: Spit Poison       ||     4
  Use: Scroll            ||     1
       Potion            ||     1
Armor: Scale mail        ||    15
Dodge: Dodged            ||    14
Block: Kite shield       ||    15

Table legend: (Time is in decaauts)
 A = Elapsed time spent in this place.
 B = Non-inter-level travel time spent in this place.
 C = Inter-level travel time spent in this place.
 D = Time resting spent in this place.
 E = Time spent auto-exploring this place.
 F = Levels seen in this place.
 G = Mean time per level.
                   A        B        C        D        E       F      G
               +--------+--------+--------+--------+--------+-----+--------+
         Total |    522 |    500 |     22 |     13 |    305 |   4 |  130.5 |
       Dungeon |    522 |    500 |     22 |     13 |    305 |   4 |  130.5 |
               +--------+--------+--------+--------+--------+-----+--------+

Top non-repeatable levels by time:
     D:3: 241 daAuts
     D:4: 136 daAuts
     D:1: 87 daAuts
     D:2: 56 daAuts
